axehack, neutral male human Barbarian ---- --- ..| |..----.-- ... --....| --...||...- ...%. .......----....|--...| ..... ...a.a..........|--...-- ...<..- -....@.-------...||)....| ....^.|----|..--..| -...----[...-- --....--..--.-|---- |..........--- --...........| |...-----..| -------.|..-- ----- ---- ------ axehack the Bandit Experience level: 6 Strength: 16 Dexterity: 18 Constitution: 19 Intelligence: 8 Wisdom: 8 Charisma: 6 Health: 0(79) Energy: 15(15) Def: 9 Gold: 341 Moves: 2972 Dungeon seed: HGeaetASnrKL8W4K Game ID: axehack_1456148522 Your Inventory: Coins $ - 341 gold pieces Weapons a - an uncursed +0 battle-axe c - a cursed -1 dagger i - 5 uncursed +0 arrows j - an uncursed +0 bow o - an uncursed +0 elven dagger p - a blessed +0 dagger t - an uncursed +0 axe (weapon in hand) v - 9 uncursed +0 daggers D - an uncursed +0 axe M - an uncursed +0 bow P - 4 cursed -1 arrows Armor e - a blessed +0 dwarvish cloak (being worn) f - an uncursed +0 pair of iron shoes n - an uncursed +0 dwarvish cloak u - an uncursed +0 dwarvish cloak z - an uncursed +0 dwarvish mithril-coat (being worn) J - an uncursed +0 orcish helm (being worn) N - an uncursed +0 dwarvish roundshield (being worn) U - an uncursed +0 pair of iron shoes Y - an uncursed +0 pair of iron shoes (being worn) Scrolls d - an uncursed scroll of taming w - 2 uncursed scrolls of scare monster L - an uncursed scroll of blank paper Potions k - 2 uncursed potions of extra healing r - an uncursed potion of water s - an uncursed potion of levitation K - an uncursed potion of booze Q - a blessed potion of gain ability T - an uncursed potion of full healing V - an uncursed potion of sickness Rings g - an uncursed ring of levitation Wands q - an uncursed wand of enlightenment (0:10) S - an uncursed wand of striking (0:5) Tools h - an uncursed stethoscope l - 7 cursed tallow candles (0:200) m - an uncursed towel B - an uncursed partly used wax candle (lit) (0:187) O - 12 uncursed tallow candles (0:200) W - an uncursed leash X - an uncursed towel Z - an uncursed leash Gems b - an uncursed luckstone x - an uncursed worthless piece of white glass y - 2 uncursed worthless pieces of red glass R - 2 uncursed garnet stones Spells and supernatural/magical abilities: Name Level Category Fail Memory W - pray for help -- divine ? -- Your skills at the end: Miscellaneous Skills bare handed combat [Basic] Weapon Skills axe [Basic] short sword [Basic] Spellcasting Skills Final Attributes: You were devoutly aligned. You were sleep resistant. You were poison resistant. You were lucky. You had extra luck. Bad luck did not time out for you. Good luck did not time out for you. You are dead. Vanquished creatures: a gnome king a yellow light 3 gnome lords a gnomish wizard a red naga hatchling a paper golem a floating eye a kitten 5 dwarves a homunculus 2 giant bats a monkey a gas spore 3 hobbits a large kobold 4 geckos 2 giant rats a brown mold a yellow mold 13 gnomes 3 jackals a kobold 8 newts 3 goblins 2 grid bugs 4 lichens a kobold zombie 67 creatures vanquished. Voluntary challenges: You did not adorn yourself with jewelry or accessories. You used a wielded weapon 101 times, starting on turn 1. You did not use containers. You did not apply a unicorn horn. You read items or engraved 2 times, starting on turn 2895. You never genocided any monsters. You never polymorphed an object. You never changed form. You used no wishes. You never split a pudding. You wrote Elbereth's name 2 times, starting on turn 2895. You violated your moral code, losing 1 point of alignment, starting on turn 2275. Dungeon overview: The Dungeons of Doom: levels 1 to 4 Level 1 an altar to Crom, a sink a long staircase Level 2 a potion shop, a fountain Level 3 Level 4 a fountain stairs to The Gnomish Mines The Gnomish Mines: levels 5 to 6 Level 5 stairs to The Dungeons of Doom Level 6 <- You were here History has recorded: On T:1 you entered the Dungeons of Doom to retrieve the Amulet of Yendor! On T:184 you reached level 2 of The Dungeons of Doom. On T:588 you advanced to experience level 2. On T:661 you reached level 3 of The Dungeons of Doom. On T:896 you advanced to experience level 3. On T:1003 you reached level 4 of The Dungeons of Doom. On T:1105 you reached level 1 of The Gnomish Mines. On T:1173 you reached level 2 of The Gnomish Mines. On T:1181 you advanced to experience level 4. On T:1832 you advanced to experience level 5. On T:2695 you advanced to experience level 6. Score breakdown: Gold: 341 ( 34 points) Experience: 6 levels ( 500 points) Exploration: 6 levels ( 150 points) Discoveries: 3 items ( 150 points) Variety of kills: 27 monsters ( 1350 points) Major goal: (nothing yet) ( 0 points) Survival: died (score multiplied by 3) Total score: 6552 Latest messages: The soldier ant bites! The soldier ant stings! You die... Final status: Goodbye axehack the Barbarian, killed by a soldier ant... You died in The Gnomish Mines on dungeon level 6 with 6552 points, and 341 pieces of gold, after 2972 moves. You were level 6 with a maximum of 79 hit points when you died.